 Dungeon Crawl Stone Soup version 0.30.1-11-g7821555f0a (webtiles) character file.

Game seed: 15266979270269467138

5299 Peloso the Carver (level 10, -4/88 HPs)
             Began as a Minotaur Fighter on Dec 16, 2023.
             Was an Elder of Okawaru.
             Slain by Erolcha
             ... wielding a +0 spectral giant club
              (26 damage)
             ... on level 9 of the Dungeon.
             The game lasted 00:16:09 (7953 turns).

Peloso the Carver (Minotaur Fighter)                Turns: 7953, Time: 00:16:10

Health: -4/88      AC: 15    Str: 21    XL:     10   Next: 37%
Magic:  7/9        EV: 13    Int:  5    God:    Okawaru [****..]
Gold:   475        SH:  8    Dex: 16    Spells: 9/9 levels left

rFire   + + .        b - +8 long sword "Muahunuj" {vamp, +Blink Will- Dex+2 Stlth+}
rCold   . . .        d - +0 buckler
rNeg    . . .        l - +1 chain mail {rF+}
rPois   .            (helmet restricted)
rElec   .            (no cloak)
rCorr   .            c - +0 pair of gloves
SInv    .            (no boots)
Will    .....        (no amulet)
Stlth   +            h - ring of protection from fire
HPRegen 0.34/turn    p - ring of flight
MPRegen 0.11/turn

%: no passive effects
@: heroic, flying
A: horns 2, retaliatory headbutt
a: Renounce Religion, Evoke Blink, Heroism, Finesse


You were on level 9 of the Dungeon.
You worshipped Okawaru.
Okawaru was greatly pleased with you.
You visited 1 branch of the dungeon, and saw 10 of its levels.
You also visited: Sewer.

You collected 475 gold pieces.

Inventory:

Hand Weapons
 a - a +0 long sword
 b - the +8 long sword "Muahunuj" (weapon) {vamp, +Blink Will- Dex+2 Stlth+}
   (You found it on level 5 of the Dungeon)

   Dex:       It affects your dexterity (+2).
   +Blink:    It lets you blink.
   Will:      It decreases your willpower.
   Stlth:     It makes you more stealthy.
Armour
 c - a +0 pair of gloves (worn)
 d - a +0 buckler (worn)
 l - a +1 chain mail of fire resistance (worn)
 D - a +0 plate armour
Jewellery
 h - a ring of protection from fire (left hand)
 n - a ring of ice
 p - a ring of flight (right hand)
 C - a ring of wizardry
 J - a ring of magical power
 L - a ring of resist corrosion
Wands
 e - a wand of charming (6)
 G - a wand of polymorph (9)
 I - a wand of flame (10)
 K - a wand of digging (4)
Scrolls
 f - a scroll of brand weapon
 i - a scroll of silence
 j - 3 scrolls of fear
 k - a scroll of magic mapping
 m - 3 scrolls of blinking
 q - 2 scrolls of teleportation {unknown}
 s - a scroll of enchant weapon {unknown}
 t - 2 scrolls of fog
 v - 4 scrolls of amnesia {unknown}
 w - a scroll of identify
 y - 5 scrolls of vulnerability {unknown}
 A - a scroll of immolation
 E - 3 scrolls of summoning {unknown}
Potions
 g - 3 potions of heal wounds
 o - 3 potions of mutation
 r - a potion of might
 u - a potion of brilliance
 x - a potion of curing
 z - 3 potions of magic {unknown}
 B - a potion of resistance {unknown}
 F - 2 potions of cancellation {unknown}
 H - a potion of invisibility
 M - 2 potions of haste {unknown}
 N - a potion of lignification {unknown}


   Skills:
 + Level 8.3(13.3) Fighting
 + Level 12.1(17.1) Long Blades
 + Level 8.9(13.9) Armour
 + Level 4.2(9.2) Dodging
 + Level 0.5(5.5) Stealth
 + Level 8.2(13.2) Shields
 + Level 0.7(5.7) Unarmed Combat


You had 9 spell levels left.
You didn't know any spells.
Your spell library contained the following spells:

 Spells                   Type           Power      Damage    Failure   Level
 Foxfire                  Conj/Fire      0%         2x1d4     95%         1
 Cigotuvi's Dreadful Rot  Necr/Pois/Air  0%         N/A       98%         2
 Lesser Beckoning         Tloc           0%         N/A       98%         2
 Poisonous Vapours        Pois/Air       0%         N/A       98%         2
 Gell's Gravitas          Tloc           0%         N/A       100%        3
 Mephitic Cloud           Conj/Pois/Air  0%         N/A       100%        3
 Ozocubu's Armour         Ice            0%         N/A       100%        3
 Teleport Other           Tloc           0%         N/A       100%        3
 Dispel Undead            Necr           0%         3d6       100%        4
 Blade Hands              Tmut           0%         N/A       100%        5
 Fireball                 Conj/Fire      0%         3d3       100%        5
 Freezing Cloud           Conj/Ice/Air   0%         6-21      100%        5
 Irradiate                Conj/Tmut      0%         3d11      100%        5
 Plasma Beam              Fire/Air       0%         2x1d11    100%        6
 Starburst                Conj/Fire      0%         6d3       100%        6
 Dragon Form              Tmut           0%         N/A       100%        7
 Ozocubu's Refrigeration  Ice            0%         4d7       100%        7
 Death Channel            Necr           Unusable   N/A       N/A         6

Dungeon Overview and Level Annotations

Branches:
Dungeon (10/15)            Temple (0/1) D:5           Sewer (visited)
   Lair: D:8-11         Orc: D:9-12

Altars:
Ashenzari
Nemelex Xobeh
Okawaru
Ru
Sif Muna
Vehumet
Wu Jian

Annotations:
D:9 Erolcha


Innate Abilities, Weirdness & Mutations

You have a pair of horns on your head.
You reflexively headbutt those who attack you in melee.


Message History

You feel sick. The hornet barely misses you. You furiously retaliate!
You headbutt the hornet! You slash the hornet! Your headbutt misses the hornet.
The hornet is almost dead.
You feel sick. You block the hornet's attack.
The hornet stings you but does no damage.
Unknown command.
You miss the hornet.
You headbutt the hornet, but do no damage.
The hornet is almost dead.
You feel sick. The hornet barely misses you. You furiously retaliate!
You headbutt the hornet!
You kill the hornet!
Okawaru accepts your kill.
You gain the combat prowess of a mighty hero.
You feel sick.
You are no longer poisoned.
Something unseen breaks down the door.
You barely miss the wight.
Unknown command.
You slash the orc!
You feel better.
You kill the orc!
Unknown command.
You slash the wight!
You headbutt the wight, but do no damage.
The wight is heavily damaged.
You block the wight's attack. The wight attacks as you move away!
The wight barely misses you. Something hits you!
* * * LOW HITPOINT WARNING * * *
The +0 spectral giant club misses you. You furiously retaliate!
You headbutt the +0 spectral giant club!
A +0 spectral giant club comes into view.
You hit something.
You feel better. The wight misses you. The wight hits you with a +2 mace.
* * * LOW HITPOINT WARNING * * *
You slash something!
You feel better.
The +0 spectral giant club hits you but does no damage.
Something hits you!!
You die...

#..... ### #....##..
+......###
#........###
#.....#....###
#.....#......###
##....######.oyo###
#.....#.......#zz.##
#.....#....z..#@(..#
#.....#....z..#....#
#.....#.......'.....#
#..<..#.......#.....#
#.....#.......#......#
#.....#.......#....#.#
####### ### #....#..#
...... .#


You could see a hornet, an orc warrior, a +0 spectral giant club and 2 wights.

Vanquished Creatures
  Joseph (D:8)
  3 hornets
  A troll (D:7)
  Grinder (D:6)
  Sigmund (D:3)
  A vampire mosquito (D:7)
  3 water moccasins
  2 orc warriors
  2 ice beasts
  2 sky beasts
  3 black bears
  2 ogres
  6 centaurs
  5 kobold brigands
  A bullfrog (D:7)
  2 scorpions (D:5)
  A gnoll sergeant (D:5)
  8 wights
  2 jellies
  3 hounds
  An orc priest (D:6)
  Crazy Yiuf (D:3)
  A sleepcap (D:5)
  Natasha (thrice) (D:3)
  Ijyb (D:3)
  3 iguanas (D:5)
  2 orc wizards (D:7)
  12 gnolls
  13 adders
  4 river rats
  2 shadow imps (D:7)
  4 white imps
  3 ufetubi
  3 worms (Sewer)
  4 dart slugs
  19 orcs
  15 ball pythons
  10 bats
  21 endoplasms
  7 giant cockroaches
  3 goblins
  8 hobgoblins
  5 jackals
  16 kobolds
  A quokka (D:2)
  2 frilled lizards
  9 rats
223 creatures vanquished.

Notes
Turn   | Place    | Note
-------+----------+-------------------------------------------
     0 | D:1      | Peloso the Minotaur Fighter began the quest for the Orb.
     0 | D:1      | Reached XP level 1. HP: 19/19 MP: 0/0
     1 | D:1      | Found a runed translucent door.
     2 | D:1      | Noticed a jelly
    92 | D:1      | Reached XP level 2. HP: 27/27 MP: 1/1
   323 | D:1      | Reached skill level 3 in Long Blades
   450 | D:1      | Found a faded altar of an unknown god.
   709 | D:1      | Reached XP level 3. HP: 33/33 MP: 2/2
   736 | D:1      | Reached XP level 4. HP: 19/40 MP: 3/3
  1419 | D:3      | Found an ornate altar of the Wu Jian Council.
  1419 | D:3      | Found a shimmering blue altar of Sif Muna.
  1426 | D:3      | Found a broken altar of Ashenzari.
  1426 | D:3      | Found a sacrificial altar of Ru.
  1451 | D:3      | Noticed an ogre
  1459 | D:3      | Killed an ogre
  1460 | D:3      | Reached skill level 4 in Long Blades
  1460 | D:3      | Reached XP level 5. HP: 47/47 MP: 4/4
  1477 | D:3      | Found a faded altar of an unknown god.
  1497 | D:3      | Noticed Ijyb
  1505 | D:3      | Killed Ijyb
  1506 | D:3      | Reached skill level 5 in Long Blades
  1665 | D:3      | Reached skill level 1 in Dodging
  1675 | D:3      | Reached XP level 6. HP: 48/53 MP: 5/5
  1699 | D:3      | Found a glowing drain.
  1708 | Sewer    | Entered a sewer
  2013 | Sewer    | Reached skill level 6 in Long Blades
  2013 | Sewer    | Reached skill level 5 in Armour
  2335 | Sewer    | Reached XP level 7. HP: 53/60 MP: 6/6
  2571 | D:3      | Noticed Sigmund
  2580 | D:3      | Killed Sigmund
  2581 | D:3      | Reached skill level 5 in Fighting
  2581 | D:3      | Reached skill level 7 in Long Blades
  2672 | D:3      | Noticed Natasha
  2677 | D:3      | Killed Natasha
  2739 | D:3      | Found a runed translucent door.
  2740 | D:3      | Noticed Crazy Yiuf
  2782 | D:3      | Noticed Natasha
  2789 | D:3      | Killed Natasha
  2798 | D:3      | Noticed Natasha
  2803 | D:3      | Killed Natasha
  2821 | D:3      | Found a radiant altar of Vehumet.
  3034 | D:4      | Found an iron altar of Okawaru.
  3147 | D:4      | Became a worshipper of Warmaster Okawaru
  3233 | D:4      | Identified the +0 ring mail "Doshryawe" {Drain rPois Int+7}
  3441 | D:4      | Found a sparkling altar of Nemelex Xobeh.
  3549 | D:4      | Reached skill level 8 in Long Blades
  3549 | D:4      | Reached skill level 5 in Shields
  3549 | D:4      | Reached XP level 8. HP: 55/70 MP: 7/7
  3768 | D:5      | Entered Level 5 of the Dungeon
  3838 | D:5      | Identified the +8 long sword "Muahunuj" {vamp, +Blink Will-
                  | Dex+2 Stlth+}
  3894 | D:5      | Found a staircase to the Ecumenical Temple.
  3994 | D:5      | Reached * piety under Okawaru
  4145 | D:5      | Reached skill level 9 in Long Blades
  4904 | D:3      | Killed Crazy Yiuf
  5098 | D:6      | Reached ** piety under Okawaru
  5099 | D:6      | Reached XP level 9. HP: 61/79 MP: 8/8
  5302 | D:6      | Noticed Grinder
  5395 | D:6      | Identified the +2 scale mail of Orthodoxy {rElec}
  5585 | D:6      | Killed Grinder
  5586 | D:6      | Reached skill level 10 in Long Blades
  6212 | D:7      | Reached *** piety under Okawaru
  6219 | D:7      | Reached skill level 11 in Long Blades
  6444 | D:7      | Noticed a troll
  6453 | D:7      | Killed a troll
  6882 | D:8      | Reached XP level 10. HP: 88/88 MP: 9/9
  6893 | D:8      | Reached **** piety under Okawaru
  7225 | D:8      | Noticed Joseph
  7242 | D:8      | Killed Joseph
  7438 | D:8      | Reached skill level 12 in Long Blades
  7708 | D:8      | You are sucked into a shaft and drop 2 floors!
  7708 | D:10     | Entered Level 10 of the Dungeon
  7933 | D:9      | Noticed Erolcha
  7934 | D:9      | Paralysed by a hornet for 3 turns
  7953 | D:9      | Slain by Erolcha

Illustrated notes

Levels and vault maps discovered:
D:1:      dpeg_arrival_caged_fury, layout_rooms,
          hellmonk_ecumenical_altar_leap_of_faith, grunt_decor_junction
D:2:      layout_basic, serial_bayou_lagoon_a
D:3:      layout_rooms, chequers_temple_overflow_statue_of_worship,
          nicolae_overflow_ecumenical_swirl, portal_sewer_entry_e,
          minmay_quadrilaterals, uniq_natasha, uniq_ijyb,
          uniq_crazy_yiuf_cottage, uniq_sigmund
D:4:      layout_basic, lemuel_crystal_altar, nemelex_dance_club_becter,
          minmay_splitting_lines
D:5:      old_forge, layout_cave_pools, lemuel_temple_firewalk_b,
          corexii_corridor_pit, hangedman_glass_teeth, grunt_decor_fettered,
          fountainhead, lightli_minifort
D:6:      layout_basic, uniq_grinder
D:7:      minmay_opposing_rooms, layout_basic
D:8:      layout_basic, uniq_joseph
D:9:      minmay_the_grid_four_pointed_star
          [minmay_the_grid_triangle_9x9_wacky_v,
          minmay_the_grid_triangle_9x9_swiss_cheese,
          minmay_the_grid_triangle_9x9_skeleton,
          minmay_the_grid_triangle_9x9_steps,
          minmay_the_grid_prize_shrinking_boxes], layout_grid_maze,
          fedhas_altar_1, serial_shops, nicolae_shop_tiny_glass,
          eino_small_chamber_without_monster, minmay_misc_feat_roman,
          uniq_erolcha, uniq_grum
D:10:     layout_roguey, nicolae_lava_and_water

Skill      XL: |  1  2  3  4  5  6  7  8  9 10 |
---------------+-------------------------------+-----
Shields        | 4 5 7 8 |  8.2
Long Blades    | 3 4 5 6 8 9 11 12 | 12.1
Armour         | 4 5 6 7 8 |  8.9
Fighting       | 4 6 7 8 |  8.3
Dodging        | 1 2 3 4 |  4.2
Stealth        | |  0.5
Unarmed Combat | |  0.7

Action                     |  1- 3 |  4- 6 |  7- 9 | 10-12 || total
---------------------------+-------+-------+-------+-------++-------
  Melee: Long sword        |    85 |   166 |   291 |    70 ||   612
         Headbutt          |     9 |    27 |    54 |    19 ||   109
         Unarmed           |       |       |     5 |       ||     5
 Invoke: Heroism           |       |       |       |     1 ||     1
    Use: Potion            |     3 |     1 |       |       ||     4
         Scroll            |       |     4 |     6 |       ||    10
 Armour: Scale mail        |    33 |       |       |       ||    33
         Chain mail        |    10 |    77 |   173 |    47 ||   307
         Skin              |       |       |     3 |       ||     3
  Dodge: Dodged            |    33 |    53 |   139 |    40 ||   265
  Block: Buckler           |    21 |    35 |    98 |    46 ||   200
